 Dungeon Crawl Stone Soup version 0.32-a0-7-ge934b4519a (webtiles) character file.

Game seed: 2235440950028551789

0 jasper the Covered (level 1, 17/18 HPs)
             Began as an Armataur Fighter on Jan 13, 2024.
             Quit the game on level 1 of the Dungeon.
             The game lasted 00:00:13 (16 turns).

jasper the Covered (Armataur Fighter)                 Turns: 16, Time: 00:00:14

Health: 17/18      AC:  6    Str: 21    XL:     1   Next: 8%
Magic:  1/1        EV:  7    Int:  8    God:
Gold:   0          SH:  4    Dex:  9    Spells: 0/0 levels left

rFire   . . .        a - +0 long sword
rCold   . . .        c - +0 buckler
rNeg    . . .        b - +0 scale mail
rPois   .            (no helmet)
rElec   .            (no cloak)
rCorr   .            (no gloves)
SInv    .            (no barding)
Will    .....        (no amulet) Stlth
                     (no ring)
HPRegen 0.23/turn    (no ring)
MPRegen 0.07/turn

%: roll
@: no status effects
A: large, deformed body, tough skin 3, armoured tail, roll 1
a: no special abilities


You were on level 1 of the Dungeon.
You visited 1 branch of the dungeon, and saw 1 of its levels.

Inventory:

Hand Weapons
 a - a +0 long sword (weapon)
Armour
 b - a +0 scale mail (worn)
 c - a +0 buckler (worn)
Potions
 d - a potion of might


   Skills:
 - Level 2.6 Fighting
 + Level 1.8 Long Blades
 - Level 3.6 Armour
 - Level 3.2 Shields


You couldn't memorise any spells.
You didn't know any spells.
Your spell library was empty.

Dungeon Overview and Level Annotations

Branches:
Dungeon (1/15)

Altars:


Innate Abilities, Weirdness & Mutations

Armour fits poorly on your strangely shaped body.
You have extremely tough skin. (AC +3)
You have a long armoured tail.
You regenerate magic when rolling toward enemies. (Rampage MPRegen)


Message History

Welcome, jasper the Armataur Fighter.
It's a long way down to the Orb of Zot, but that shouldn't be any trouble.
Press ? for a list of commands and other information.
Found 3 gold pieces.
Found a staircase leading out of the dungeon.
You open the door.
A ball python comes into view.
The ball python hisses angrily.
You hear a shout!
A goblin comes into view. It is wielding a +0 club.
The ball python moves out of view.
There is an open door here.
A hobgoblin comes into view.
You roll towards the goblin!
You barely miss the goblin. The goblin hits you with a +0 club.
You take 1 damage, and have 17/18 hp.
You slash the goblin!
You kill the goblin!
The ball python bites you.
You take 2 damage, and have 15/18 hp.
You barely miss the ball python.
The ball python bites you but does no damage.
You hit the ball python.
The ball python is heavily wounded.
The ball python bites you but does no damage.
The ball python barely misses you.
You closely miss the ball python.
Your tail-slap misses the ball python.
The ball python is heavily wounded.
The ball python barely misses you.
You closely miss the ball python.
The ball python is heavily wounded.
You block the ball python's attack.
The ball python bites you but does no damage.
Are you sure you want to abandon this character and quit the game? (Confirm with "yes".)

##### ##≈~~##
##≈~P~≈## ##~~~.~~~##
. #≈~P.8.P~≈# ...
#.#≈~.....~~#####.....
#.8~.......~8.@Sg.....
.+.P8.<.8P.'.##......
#.8~.......~8.......#.
#.#≈~.....~~#$...####
#≈~P.8.P~≈#..###
##≈≈~.~≈≈####..
##≈~P≈≈## ... ##≈~≈##
.!.# ##### ..#


You could see a hobgoblin and a ball python.

Vanquished Creatures
  A goblin (D:1)
1 creature vanquished.

Notes
Turn   | Place    | Note
-------+----------+-------------------------------------------
     0 | D:1      | jasper the Armataur Fighter began the quest for the Orb.
     0 | D:1      | Reached XP level 1. HP: 18/18 MP: 1/1
    16 | D:1      | Quit the game

Illustrated notes

Levels and vault maps discovered:
D:1:      lightli_arrival_statuegarden, layout_rooms, corexii_leaking_fountain

Action                     || total
---------------------------++-------
  Melee: Long sword        ||     6
 Armour: Scale mail        ||     5
  Dodge: Dodged            ||     2
  Block: Buckler           ||     1

Table legend: (Time is in decaauts)
 A = Elapsed time spent in this place.
 B = Non-inter-level travel time spent in this place.
 C = Inter-level travel time spent in this place.
 D = Time resting spent in this place.
 E = Time spent auto-exploring this place.
 F = Levels seen in this place.
 G = Mean time per level.
                   A        B        C        D        E       F      G
               +--------+--------+--------+--------+--------+-----+--------+
         Total |     17 |     17 |      0 |      0 |      5 |   1 |   17.0 |
       Dungeon |     17 |     17 |      0 |      0 |      5 |   1 |   17.0 |
               +--------+--------+--------+--------+--------+-----+--------+

Top non-repeatable levels by time:
     D:1: 17 daAuts
